woodfighter, chaotic female sylph Ranger ---- ----------- --`>-------- |.........| |..........| |.........| |..-----`-.| |.........| |.`|...|...| |....<....| |.........-| |..F=ijuo.| |...`...|..| |....io.B.| |.----..--.| |.......u@| |........|.-- |......oo%| |.---.-....)------------%| |...|...-...............%| |......)..---------------- -----..|..| ------- woodfighter the Trailblazer Experience level: 7 Strength: 16 Dexterity: 13 Constitution: 15 Intelligence: 13 Wisdom: 14 Charisma: 8 Health: 0(51) Energy: 43(43) Def: 3 Gold: 0 Moves: 5819 Dungeon seed: nbqHasNXJv0bdh0R Game ID: woodfighter_1471428054 Your Inventory: Amulets S - an uncursed amulet of unchanging (being worn) Weapons a - a +2 bow (weapon in hand) c - 42 +2 arrows (in quiver) d - 33 blessed +0 arrows p - 12 +0 crossbow bolts Armor e - a blessed +2 cloak of displacement (being worn) Comestibles f - an uncursed cram ration u - an uncursed fortune cookie x - 2 uncursed sprigs of wolfsbane V - an uncursed food ration Rings k - a blessed +1 ring of gain strength N - a cursed ring of polymorph control Wands T - a wand of teleportation (0:7) U - a wand of sleep (0:5) Tools B - an uncursed towel Z - an uncursed stethoscope Spells and supernatural/magical abilities: Name Level Category Fail Memory W - pray for help -- divine ? -- Your skills at the end: Miscellaneous Skills wands [Basic] Weapon Skills dagger [Basic] bow [Basic] Spellcasting Skills Final Attributes: You were piously aligned. You saw invisible. You had automatic searching. You had infravision. You were displaced. You were stealthy. You were protected from shape changers. You could not change from your current form. You were lucky. You are dead. Vanquished creatures: a giant mimic 2 leprechauns a quivering blob an iron piercer a brown pudding a dog a jaguar a blue jelly a snake 3 apes a rope golem a baby crocodile a wood nymph a rock mole a gnome lord 2 black naga hatchlings a gray ooze 3 elf zombies a paper golem 2 floating eyes a homunculus a kobold shaman 3 iguanas 2 hill orcs a rothe a rabid rat a monkey 2 dwarf zombies a wererat 3 coyotes a gas spore a hobbit an acid blob 2 large kobolds 4 geckos a giant rat a cave spider 2 yellow molds a green mold 2 red molds 2 jackals 2 foxes a kobold 5 newts a goblin 2 sewer rats 7 grid bugs 4 bats 3 lichens a kobold zombie 87 creatures vanquished. Voluntary challenges: You were vegetarian. You had been an atheist until turn 3026. You used a wielded weapon 5 times, starting on turn 163. You did not use tools. You read items or engraved 2 times, starting on turn 1130. You never genocided any monsters. You never polymorphed an object. You never changed form. You used no wishes. You never split a pudding. You never wrote Elbereth's name. You never violated your personal moral code. Dungeon overview: The Dungeons of Doom: levels 1 to 9 Level 1 a long staircase Level 2 (locked chest) a general store, a fountain, a sink Level 3 a general store Level 4 (locked box) stairs to The Gnomish Mines Level 5 (vault) Level 6 Level 7 some fountains Level 8 an altar to Mars stairs to Sokoban Level 9 The Gnomish Mines: Level 5 stairs to The Dungeons of Doom Sokoban: levels 5 to 7 Level 5 <- You were here Level 6 Level 7 a magic chest stairs to The Dungeons of Doom History has recorded: On T:1 you entered the Dungeons of Doom to retrieve the Amulet of Yendor! On T:81 you reached level 2 of The Dungeons of Doom. On T:576 you reached level 3 of The Dungeons of Doom. On T:659 you advanced to experience level 2. On T:997 you reached level 4 of The Dungeons of Doom. On T:1110 you advanced to experience level 3. On T:1523 you reached level 5 of The Dungeons of Doom. On T:1606 you reached level 1 of The Gnomish Mines. On T:1661 you advanced to experience level 4. On T:1843 you reached level 6 of The Dungeons of Doom. On T:2262 you reached level 7 of The Dungeons of Doom. On T:2667 you advanced to experience level 5. On T:2726 you reached level 8 of The Dungeons of Doom. On T:3147 you reached level 9 of The Dungeons of Doom. On T:3172 you reached level 4 of Sokoban. On T:3239 you opened a magic chest. On T:3242 you opened a magic chest. On T:3318 you advanced to experience level 6. On T:3643 you reached level 3 of Sokoban. On T:4543 you reached level 2 of Sokoban. On T:4919 you advanced to experience level 7. Score breakdown: Gold: 0 ( 0 points) Experience: 7 levels ( 600 points) Exploration: 9 levels ( 240 points) Discoveries: 4 items ( 200 points) Variety of kills: 50 monsters ( 2000 points) Major goal: (nothing yet) ( 0 points) Survival: died (score multiplied by 3) Total score: 9120 Latest messages: The hill orc thrusts his crude dagger. The hill orc stabs you! You shoot 1 arrow. You kill the hill orc! c - 4 +2 arrows (in quiver). There are a few more objects here. u - a fortune cookie. The bat strikes at your displaced image and misses you! The bat misses the goblin. The arrow hits the gray unicorn! A mysterious force prevents the gray unicorn from teleporting! The gray unicorn butts! The gray unicorn kicks! The gray unicorn butts! The gray unicorn kicks! The bat bites! The arrow hits the gray unicorn! The gray unicorn butts! The gray unicorn kicks! The bat bites! The gray unicorn butts! The gray unicorn kicks! You die... Final status: Goodbye woodfighter the Ranger, killed by a gray unicorn... You died in Sokoban on dungeon level 5 with 9120 points, and 0 pieces of gold, after 5819 moves. You were level 7 with a maximum of 51 hit points when you died.